Map: Newkirk Precinct TE (Void)

Players

fropez

  • Race: Protoss Protoss
  • League: Gold
  • Spawn Location: 7:00

HUGE - Winner!

  • Race: Zerg Zerg
  • League: Platinum
  • Spawn Location: 5:00

VOD

Have the link to the VOD?

Description

Time

  • Played on: Dec. 14, 2016, 12:04 p.m.
  • Length: 11:43
Show
View Real Time Build Order
Export as new Build Order

fropez Protoss 

Build Orders: Oracle Opening 

Get SALT Encoding   

  12  0:01  Probe (Chrono Boost)  
  13  0:18  Pylon  
  13  0:20  Probe (Chrono Boost)  
  14  0:30  Probe (Chrono Boost)  
  15  0:41  Probe (Chrono Boost)  
  16  0:46  Gateway  
  16  0:51  Gateway  
  16  0:55  Probe (Chrono Boost)  
  17  1:06  Probe (Chrono Boost)  
  17  1:09  Assimilator  
  18  1:13  Assimilator  
  18  1:16  Probe (Chrono Boost)  
  19  1:24  Pylon  
  19  1:27  Probe (Chrono Boost)  
  20  1:39  Probe (Chrono Boost)  
  21  1:45  Cybernetics Core  
  20  1:50  Probe (Chrono Boost)  
  21  2:00  Probe (Chrono Boost)  
  22  2:11  Probe (Chrono Boost)  
  22  2:14  Pylon  
  23  2:22  Probe (Chrono Boost), Stalker x2  
  28  2:27  Warp Gate  
  28  2:35  Stargate  
  28  2:37  Probe (Chrono Boost)  
  29  2:52  Probe (Chrono Boost)  
  30  3:06  Probe (Chrono Boost)  
  30  3:07  Stargate  
  31  3:25  Oracle  
  34  3:30  Probe (Chrono Boost)  
  35  3:42  Gateway  
  35  3:51  Gateway  
  35  3:53  Oracle  
  35  3:55  Pylon x2  
  38  4:24  Oracle  
  41  4:50  Forge  
  41  4:53  Probe (Chrono Boost)  
  41  4:54  Pylon  
  41  4:56  Zealot x4  
  50  5:02  Oracle  
  50  5:03  Probe (Chrono Boost)  
  54  5:19  Protoss Ground Weapons Level 1  
  54  5:21  Zealot x4  
  62  5:29  Pylon  
  62  6:00  Nexus  
  62  6:04  Pylon  
  62  6:08  Pylon  
  62  6:10  Probe (Chrono Boost)  
  63  6:13  Pylon  
  63  6:24  Probe (Chrono Boost)  
  64  6:34  Probe (Chrono Boost)  
  64  6:38  Gateway  
  65  6:41  Photon Cannon  
  65  6:45  Assimilator  
  65  6:49  Assimilator  
  65  6:52  Oracle  
  68  7:01  Oracle  
  71  7:19  Zealot  
  71  7:20  Zealot x2  
  77  7:26  Probe (Chrono Boost)  
  77  7:28  Mothership Core (Chrono Boost)  
  80  7:32  Oracle  
  83  7:56  Stalker  
  83  7:57  Stalker x2  
  89  8:13  Gateway  
  89  8:14  Gateway  
  89  8:16  Gateway  
  89  8:20  Photon Cannon  
  89  8:24  Pylon  
  95  8:35  Void Ray  
  95  8:36  Void Ray  
  97  8:42  Probe (Chrono Boost)  
  97  8:43  Probe (Chrono Boost)  
  96  9:26  Protoss Shields Level 1  
  96  9:38  Void Ray x2  
  96  9:40  Protoss Air Weapons Level 1  
  104  10:13  Probe (Chrono Boost)  
  106  10:15  Probe (Chrono Boost)  
  106  10:21  Void Ray x2  
  106  10:27  Probe (Chrono Boost)  
  100  10:50  Photon Cannon  
  100  10:52  Photon Cannon  
  86  11:28  Zealot  
  86  11:29  Zealot x4  
Show
View Real Time Build Order
Export as new Build Order

HUGE Zerg - Winner!

Build Orders: Hatch First, Lurkers 

Get SALT Encoding   

  12  0:01  Drone  
  13  0:13  Overlord  
  13  0:19  Drone  
  14  0:25  Extractor, Drone  
  15  0:32  Drone  
  16  0:36  Drone  
  17  0:57  Hatchery  
  17  0:59  Drone  
  17  1:02  Drone  
  18  1:08  Extractor, Drone  
  18  1:23  Spawning Pool  
  17  1:28  Drone  
  17  1:32  Drone  
  19  1:49  Overlord  
  19  1:53  Drone  
  20  2:10  Queen  
  20  2:11  Queen  
  20  2:12  Zergling x2  
  20  2:13  Zergling x2  
  26  2:19  Metabolic Boost  
  26  2:26  Drone x2  
  28  2:30  Drone  
  28  2:35  Overlord  
  29  2:49  Queen x2  
  33  2:53  Drone  
  33  2:55  Drone  
  33  2:56  Drone  
  36  3:00  Drone  
  36  3:01  Drone  
  36  3:04  Drone  
  39  3:18  Roach Warren  
  37  3:38  Drone  
  38  3:46  Spore Crawler  
  37  3:48  Spine Crawler  
  36  3:55  Spine Crawler, Drone  
  36  3:56  Drone x4  
  36  3:57  Drone x3  
  36  4:02  Spore Crawler  
  42  4:18  Hatchery  
  41  4:28  Lair  
  41  4:30  Extractor  
  40  4:44  Drone x3  
  43  5:01  Overlord x3  
  43  5:14  Evolution Chamber  
  43  5:15  Evolution Chamber, Queen  
  43  5:32  Drone x8  
  43  5:34  Hydralisk Den  
  50  5:42  Extractor  
  49  5:44  Drone x3  
  49  5:45  Drone x7  
  58  5:51  Queen  
  58  5:54  Roach  
  58  5:55  Roach x4  
  70  5:57  Spine Crawler  
  69  6:05  Overlord  
  69  6:16  Spine Crawler  
  68  6:25  Roach  
  70  6:26  Roach x2  
  70  6:28  Overlord  
  70  6:29  Overlord  
  70  6:31  Muscular Augments  
  74  6:32  Zerg Missile Weapons Level 1  
  74  6:38  Extractor  
  73  6:44  Zerg Ground Armor Level 1  
  73  6:45  Zergling x2  
  74  6:47  Overlord x3  
  74  6:57  Overseer x2  
  74  7:06  Drone x6  
  74  7:07  Drone x9  
  89  7:09  Extractor  
  89  7:11  Extractor  
  87  7:23  Glial Reconstitution  
  87  7:26  Hydralisk  
  87  7:27  Hydralisk x3  
  95  7:32  Drone x8  
  103  7:47  Infestation Pit  
  103  7:49  Lurker Den  
  102  7:52  Zergling x6  
  102  7:53  Zergling x8  
  102  7:55  Hatchery  
  108  8:09  Spore Crawler  
  107  8:14  Spine Crawler  
  105  8:45  Drone  
  106  8:58  Hydralisk  
  106  8:59  Hydralisk x2  
  106  9:00  Overlord  
  106  9:01  Overlord x6  
  106  9:02  Overlord  
  112  9:13  Drone x5  
  112  9:14  Drone x2  
  119  9:30  Zerg Melee Weapons Level 1  
  119  9:32  Tunneling Claws  
  119  9:34  Hive  
  119  9:37  Pneumatized Carapace  
  119  9:40  Burrow  
  119  9:46  Extractor  
  119  9:50  Extractor  
  119  9:51  Spore Crawler  
  119  9:52  Spine Crawler  
  115  9:54  Spine Crawler  
  100  10:01  Hydralisk  
  100  10:02  Hydralisk x18  
  131  10:08  Drone  
  126  10:41  Drone x6  
  126  10:42  Drone x5  
  128  10:47  Lurker  
  128  10:48  Lurker x4  
  131  10:55  Zergling x18  
  133  11:30  Hatchery  
  132  11:34  Spore Crawler  
Tags
 
Add a new tag
Caveats
  • Supply blocks, unpowered buildings, or Contaminate may cause inaccurate times.
  • Supply counts are checked every 10 seconds.